 Dungeon Crawl Stone Soup version 0.30-b1-2-g02819fbbbe (webtiles) character file.

Game seed: 5073559934036397026

1655590 MrClown the Sorcerer (level 26, 198/198 (201) HPs)
             Began as a Demonspawn Necromancer on Dec 4, 2023.
             Was the Champion of Kikubaaqudgha.
             Escaped with the Orb
             ... and 3 runes on Dec 6, 2023!
             The game lasted 05:25:39 (71782 turns).

MrClown the Sorcerer (Demonspawn Necromancer)      Turns: 71782, Time: 05:25:40

HP:   198/198 (201) AC: 28    Str: 13    XL:     26   Next: 79%
MP:   42/43         EV: 14    Int: 28    God:    Kikubaaqudgha [******]
Gold: 6123          SH:  0    Dex: 13    Spells: 3/75 levels left

rFire   + + +        D - +2 falchion "Faisok" {drain, rPois rF++ rC+ Str-2}
rCold   + + .        (no shield)
rNeg    . . .        z - +5 ring mail {Will+}
rPois   +            I - +2 helmet {Int+3}
rElec   +            r - +2 cloak {rCorr}
rCorr   +            j - +2 pair of gloves {Stlth+}
SInv    .            (boots unavailable)
Will    ++...        W - amulet "Neluaben" {RegenMP rElec Regen+ Str+4}
Stlth   +            v - ring "Seckouc" {Fly rElec rF+ rC+ MP-9}
HPRegen 1.33/turn    l - ring of wizardry
MPRegen 0.96/turn

%: guardian spirit, wizardry (x1)
@: flying, studying 4 skills, lightly drained
A: hooves 3, molten scales 3, demonic guardian 3, magic shield, magic
regeneration, magic link, corrupting presence 2, word of chaos, clumsy 1, wild
magic 1
0: Orb of Zot
}: 3/15 runes: decaying, serpentine, silver
a: Word of Chaos, Renounce Religion, Unearth Wretches, Torment


You escaped.
You worshipped Kikubaaqudgha.
Kikubaaqudgha was exalted by your worship.
You visited 10 branches of the dungeon, and saw 50 of its levels.
You visited 1 bazaar.
You also visited: Trove, Bailey, Ice Cave and Wizlab.

You collected 9898 gold pieces.
You spent 3775 gold pieces at shops.

Inventory:

Hand Weapons
 f - the +5 glaive "Lejout" {spect, rN++}
   (You bought it in a shop on level 4 of the Vaults)

   rN:        It greatly protects you from negative energy.
 D - the +2 falchion "Faisok" (weapon) {drain, rPois rF++ rC+ Str-2}
   (You found it on level 13 of the Dungeon)

   Str:       It affects your strength (-2).
   rF:        It greatly protects you from fire.
   rC:        It protects you from cold.
   rPois:     It protects you from poison.
Missiles
 i - a throwing net
 K - 8 curare-tipped darts
Armour
 j - a +2 pair of gloves of stealth (worn)
 r - a +2 cloak of preservation (worn)
 z - a +5 ring mail of willpower (worn)
 I - a +2 helmet of intelligence (worn)
 T - the +4 skin of Zhor {*Englaciate rC+++ SInv}
   (You found it on level 2 of the Lair of Beasts)

   *Englaciate: It radiates cold, occasionally slowing all nearby creatures who
   are not resistant to cold.
   rC:        It renders you almost immune to cold.
   SInv:      It lets you see invisible.
Jewellery
 g - the ring of Fethrur {Fly rElec Will+}
   (You found it in a treasure trove)

   [ring of willpower]

   rElec:     It insulates you from electricity.
   Fly:       It grants you flight.
   Will:      It increases your willpower.
 l - a ring of wizardry (right hand)
 n - a +5 ring of evasion
 o - a ring of poison resistance
 s - a ring of see invisible
 v - the ring "Seckouc" (left hand) {Fly rElec rF+ rC+ MP-9}
   (You found it on level 2 of the Vaults)

   [ring of flight]

   rF:        It protects you from fire.
   rC:        It protects you from cold.
   rElec:     It insulates you from electricity.
   MP:        It affects your magic capacity (-9).
   Fly:       It grants you flight.
 J - the ring "Wixtomo" {rElec rC+ MP+9 Slay+3}
   (You found it on level 8 of the Dungeon)

   [ring of magical power]

   Slay:      It affects your accuracy & damage with ranged weapons and melee
   (+3).
   rC:        It protects you from cold.
   rElec:     It insulates you from electricity.
   MP:        It affects your magic capacity (+9).
 W - the amulet "Neluaben" (around neck) {RegenMP rElec Regen+ Str+4}
   (You found it on level 3 of the Crypt)

   [amulet of magic regeneration]

   It increases your rate of magic regeneration.
   Str:       It affects your strength (+4).
   rElec:     It insulates you from electricity.
   Regen:     It increases your rate of health regeneration.
Wands
 m - a wand of roots (48)
 y - a wand of digging (18)
 L - a wand of charming (65)
 N - a wand of light (14)
Scrolls
 a - 11 scrolls of teleportation
 b - 2 scrolls of silence
 d - 9 scrolls of blinking
 e - 5 scrolls of magic mapping
 p - 8 scrolls of amnesia
 q - 3 scrolls of brand weapon
 w - 7 scrolls of summoning
 x - 5 scrolls of enchant weapon
 F - 5 scrolls of fog
 H - 6 scrolls of torment
 P - 12 scrolls of immolation
 Q - 10 scrolls of fear
 R - 7 scrolls of vulnerability
 Z - a scroll of acquirement
Potions
 c - 2 potions of heal wounds
 t - 10 potions of attraction
 u - 13 potions of curing
 A - 15 potions of haste
 B - 2 potions of invisibility
 C - 5 potions of cancellation
 E - 6 potions of magic
 G - 13 potions of might
 M - 7 potions of brilliance
 O - 2 potions of ambrosia
 S - 7 potions of mutation
 X - 3 potions of resistance
Miscellaneous
 h - a phantom mirror
 k - a phial of floods
 U - a box of beasts
 V - a lightning rod (4/4)
 Y - a condenser vane


   Skills:
 - Level 15.0 Fighting
 - Level 16.0 Armour
 - Level 9.0 Dodging
 - Level 1.7 Stealth
 - Level 25.0 Spellcasting
 - Level 20.0 Conjurations
 - Level 9.0 Summonings
 - Level 23.0 Necromancy
 + Level 15.4 Fire Magic
 - Level 9.0 Earth Magic
 - Level 9.0 Evocations


You had 3 spell levels left.
You knew the following spells:

 Your Spells              Type           Power      Damage    Failure   Level
a - Infestation           Necr           59%        N/A       1%          8
b - Vampiric Draining     Necr           100%       2d13      1%          3
c - Death's Door          Necr           59%        N/A       6%          9
d - Agony                 Necr           100%       N/A       1%          5
e - Dispel Undead         Necr           100%       3d31      1%          4
f - Death Channel         Necr           59%        N/A       1%          6
g - Borgnjor's Vile Clut  Necr/Erth      52%        N/A       1%          5
h - Iron Shot             Conj/Erth      50%        9d10      1%          6
i - Blink                 Tloc           90%        N/A       1%          2
j - Haunt                 Necr/Summ      52%        N/A       1%          7
k - Ignition              Fire           51%        3d14      9%          8
l - Fire Storm            Conj/Fire      54%        8d14      43%         9

Your spell library contained the following spells:

 Spells                   Type           Power      Damage    Failure   Level
 Apportation              Tloc           90%        N/A       1%          1
 Beastly Appendage        Tmut           90%        N/A       1%          1
 Necrotise                Necr           100%       1d9       1%          1
 Sandblast                Erth           100%       2d20      1%          1
 Shock                    Conj/Air       100%       1d9       1%          1
 Summon Small Mammal      Summ           100%       N/A       1%          1
 Call Imp                 Summ           100%       N/A       1%          2
 Cigotuvi's Dreadful Rot  Necr/Pois/Air  100%       N/A       1%          2
 Lesser Beckoning         Tloc           90%        N/A       1%          2
 Passwall                 Tmut/Erth      55%        N/A       1%          2
 Poisonous Vapours        Pois/Air       90%        N/A       1%          2
 Sublimation of Blood     Necr           100%       N/A       1%          2
 Wereblood                Tmut           45%        N/A       1%          2
 Call Canine Familiar     Summ           84%        N/A       1%          3
 Dazzling Flash           Conj/Hex       100%       N/A       1%          3
 Hailstorm                Conj/Ice       87%        3d17      1%          3
 Inner Flame              Hex/Fire       80%        N/A       1%          3
 Mephitic Cloud           Conj/Pois/Air  76%        N/A       1%          3
 Stone Arrow              Conj/Erth      100%       3d13      1%          3
 Summon Guardian Golem    Hex/Summ       67%        N/A       1%          3
 Volatile Blastmotes      Fire/Tloc      100%       2d18      1%          3
 Frozen Ramparts          Ice            90%        1d14      2%          3
 Gell's Gravitas          Tloc           45%        N/A       2%          3
 Portal Projectile        Hex/Tloc       90%        N/A       2%          3
 Spider Form              Tmut/Pois      45%        N/A       2%          3
 Swiftness                Air            45%        N/A       2%          3
 Teleport Other           Tloc           45%        N/A       2%          3
 Tukima's Dance           Hex            45%        N/A       2%          3
 Vhi's Electric Charge    Tloc/Air       90%        N/A       2%          3
 Anguish                  Hex/Necr       46%        N/A       1%          4
 Animate Armour           Summ/Erth      100%       N/A       1%          4
 Animate Dead             Necr           100%       N/A       1%          4
 Flame Wave               Conj/Fire      100%       2d21      1%          4
 Iskenderun's Mystic Bla  Conj/Tloc      87%        2d17      1%          4
 Leda's Liquefaction      Hex/Erth       33%        N/A       1%          4
 Sticky Flame             Conj/Fire      100%       2d11      1%          4
 Summon Ice Beast         Ice/Summ       67%        N/A       1%          4
 Summon Lightning Spire   Summ/Air       67%        N/A       1%          4
 Arcjolt                  Conj/Air       43%        1d53      1%          5
 Fireball                 Conj/Fire      54%        3d21      1%          5
 Freezing Cloud           Conj/Ice/Air   38%        6-21      1%          5
 Irradiate                Conj/Tmut      43%        3d26      1%          5
 Iskenderun's Battlesphe  Conj           100%       2d15      1%          5
 Starburst                Conj/Fire      54%        6d15      1%          6
 Orb of Destruction       Conj           56%        9d14      1%          7
 Borgnjor's Revivificati  Necr           59%        N/A       1%          8
 Conjure Ball Lightning   Conj/Air       43%        3x3d15    2%          6
 Spellforged Servitor     Conj/Summ      50%        N/A       2%          7
 Summon Cactus Giant      Summ           42%        N/A       3%          6
 Summon Mana Viper        Hex/Summ       67%        N/A       4%          5
 Plasma Beam              Fire/Air       40%        2x1d59    5%          6
 Ice Form                 Ice/Tmut       45%        N/A       9%          4
 Manifold Assault         Tloc           45%        N/A       9%          4
 Olgreb's Toxic Radiance  Pois           45%        N/A       9%          4
 Passage of Golubria      Tloc           45%        N/A       9%          4
 Lehudib's Crystal Spear  Conj/Erth      50%        10d12     13%         8
 Monstrous Menagerie      Summ           42%        N/A       16%         7
 Summon Hydra             Summ           42%        N/A       16%         7
 Alistair's Intoxication  Tmut/Pois      30%        N/A       21%         5
 Blade Hands              Tmut           22%        N/A       21%         5
 Silence                  Hex/Air        22%        N/A       21%         5
 Yara's Violent Unravell  Hex/Tmut       22%        3d10      21%         5
 Necromutation            Tmut/Necr      46%        N/A       38%         8
 Eringya's Noxious Bog    Tmut/Pois      22%        N/A       67%         6
 Dragon Form              Tmut           22%        N/A       99%         7
 Enfeeble                 Hex            22%        N/A       99%         7
 Storm Form               Tmut/Air       22%        N/A       99%         7
 Discord                  Hex            22%        N/A       100%        8
 Chain Lightning          Conj/Air       43%        3d58      100%        9
 Shatter                  Erth           42%        3d33*     100%        9


Dungeon Overview and Level Annotations

Branches:
Dungeon (15/15)            Temple (0/1) D:7            Lair (5/5) D:11
  Swamp (4/4) Lair:3        Snake (4/4) Lair:3        Slime (0/5) Lair:5
    Orc (2/2) D:9             Elf (3/3) Orc:2        Vaults (5/5) D:14
  Crypt (3/3) Vaults:3       Tomb (0/3) Crypt:3      Depths (4/4) D:15
    Zot (5/5) Depths:4     Bailey (visited)           IceCv (visited)
 WizLab (visited)

Altars:
Dithmenos
Hepliaklqana
Kikubaaqudgha
Qazlal
Ru
Xom
Yredelemnul
Jiyva
Lugonu

Shops:
D:13 *   Orc:2 *(*=   Elf:1 ?   Elf:3 =:=   Snake:2 *!*(   Vaults:2 ?
Vaults:4 *[((!   Depths:1 :

Portals:
Hell: Depths:1 Depths:2 Depths:3 Depths:4
Abyss: Lair:5 Depths:1 Depths:3
Pandemonium: Orc:2 Depths:2
Ziggurat: Depths:2

Annotations:
Elf:2 3 runed translucent doors
Crypt:1 3 runed translucent doors, Ciwiv's ghost, veteran FoFi
Depths:1 4 transporters


Innate Abilities, Weirdness & Mutations

You have hooves in place of feet.
You are completely covered in molten scales. (AC +4, rF+)
A powerful demonic guardian rushes to your aid.
When hurt, damage is shared between your health and your magic reserves.
You regenerate magic rapidly.
When low on magic, you restore magic in place of health.
Your presence sometimes corrodes or deforms those you injure.
You can speak a Word of Chaos.
You are clumsy. (Dex -2)
Your spells are a little harder to cast, but a little more powerful.


Message History

There is a stone staircase leading up here.
The seraph gestures.
The seraph begins to accept its allies' injuries.
You fly upwards.
There is a stone staircase leading down here.
There is a stone staircase leading down here.
There is a stone staircase leading up here.
You fly upwards.
There is a stone staircase leading down here.
There is an escape hatch in the ceiling here.
There is an escape hatch in the ceiling here.
A mysterious force pulls you upwards. The hatch slams shut behind you.
Aiming: Dig
Press: ? - help, Shift-Dir - straight line A rock wall.
This square is covered in magical glow.
The rock shatters into small pieces.
There is a staircase leading out of the dungeon here.
There is a staircase leading out of the dungeon here.
Number of times to repeat, then command key: You must enter the number of times for the command to repeat.
A green death comes into view.
There is a staircase leading out of the dungeon here.
Casting: Borgnjor's Vile Clutch (safe; 1% risk of failure)
Confirm with . or Enter, or press ? or * to list all spells.
Aiming: Borgnjor's Vile Clutch (safe; 1% risk of failure)
Press: ? - help, Shift-Dir - straight line, f - green death
Aim: a green death (100% to hit)
Zombie hands grab the green death.
The zombie hands constrict the green death.
A soul eater comes into view.
Unknown command.
Really quaff the potion of mutation?
You feel extremely strange.
You feel clumsy.
You feel less in control of your magic.
The zombie hands constrict the green death!
The green death struggles to escape constriction.
Okay, then.
The zombie hands release their grip on the green death.
You have escaped!

..#...###.## #.........#.#...
###...# #.# ############......#.
#...###.# ##.....## #.......#.
#...##..###.......####....#..#|
###...#..###.........'##.......#.
......#.###..2........##.........
....##..+#.............#...#.#...
....##.##..............###.....#.
....##..........@................
.......##..............##.##.....
##......##.............##.##.####
#.......##.........3..##.##.#..#
#.....#..##.........'.##.##.#..#
#.....##..#+.......##.##.##.#...
#.......#.###.....###.##.##.#...
#.......#..########......##.#...
#####...##..........###...#.#...


You could see a green death and a soul eater.

Vanquished Creatures
  2 dread liches
  Mara (Vaults:3)
  A Killer Klown (Zot:5)
  4 caustic shrikes
  2 golden dragons
  Jorgrun (Orc:1)
  4 tentacled monstrosities
  A walking crystal tome (Depths:2)
  A shard shrike skeleton (Crypt:3)
  2 liches (Crypt:3)
  3 titans (Vaults:5)
  5 Orb Guardians (Zot:5)
  A deep elf blademaster (Elf:3)
  2 quicksilver dragons
  An acid blob (Zot:4)
  3 sphinxes
  Frances (D:14)
  A deep elf master archer (Elf:3)
  A storm dragon (Zot:4)
  A draconian monk (Zot:2)
  2 death cobs (Zot:1)
  Donald (Snake:2)
  3 ancient champions
  7 tengu reavers
  A revenant (Crypt:2)
  5 shadow dragons
  6 deep elf sorcerers
  4 fire giants
  6 frost giants
  5 vault wardens
  A ghost moth (Zot:1)
  3 draconian scorchers
  A deep elf elementalist (Elf:3)
  2 draconian shifters
  10 ghouls
  An orc warlord (Bailey)
  3 draconian stormcallers
  2 draconian annihilators
  3 curse skulls (Crypt:1)
  A war gargoyle (Vaults:1)
  3 very ugly things
  A demonspawn corrupter (WizLab)
  5 stone giants
  The ghost of Ytheofip the Cleaver, a journeyman FoFi of Okawaru (D:14)
  5 spriggan defenders
  2 ironbound thunderhulks
  6 ironbound preservers
  6 green draconians
  6 black draconians
  3 deep elf demonologists
  4 eleionomae
  3 bunyips
  10 vampire knights
  4 red draconians
  2 dire elephants (Vaults:1)
  2 deep elf annihilators (Elf:3)
  13 yellow draconians
  2 purple draconians
  5 spark wasps
  7 white draconians
  4 deep elf death magi
  A blizzard demon (Depths:1)
  7 eidola
  6 fire dragons
  Snorg (D:14)
  14 ettins
  A mummy priest (Crypt:3)
  A spectral fenstrider witch (Crypt:3)
  10 jiangshi
  A shambling mangrove (Swamp:2)
  5 yaktaur captains
  4 great orbs of eyes
  2 spectral spriggans (Crypt:3)
  A spriggan zombie (Crypt:1)
  The ghost of yogakurto the Covert, a journeyman OpWr of Gozag (D:13)
  3 entropy weavers
  Fannar (D:11)
  20 vault guards
  5 ice dragons
  A salamander tyrant (Snake:4)
  An Orb Guardian zombie (Crypt:1)
  A hell beast (Depths:1)
  13 hydras
  3 centaur warriors
  A rakshasa (Depths:2)
  4 spriggan air magi
  A demonspawn (Orc:2)
  5 ironbound frosthearts
  A spriggan skeleton (Crypt:1)
  2 ogre magi (D:14)
  8 anacondas
  2 death knights (Crypt:1)
  6 naga warriors
  A deep troll shaman (Depths:1)
  A fenstrider witch skeleton (Crypt:1)
  A merfolk aquamancer (WizLab)
  5 alligators
  4 two-headed ogres
  2 boulder beetles
  4 death yaks
  6 orc high priests (Orc:2)
  3 hell knights
  10 dancing weapons
  5 shock serpents
  A spectral naga (Crypt:3)
  3 hell hogs (Depths:1)
  2 spectral dire elephants (Crypt:3)
  3 deep troll earth magi
  5 naga sharpshooters
  3 thrashing horrors (Lair:5)
  A quicksilver ooze zombie (Crypt:2)
  3 spriggan berserkers
  9 vampire magi
  5 deep elf knights
  A sun demon (Depths:1)
  6 soul eaters
  The ghost of diceflayer the Fighter, a novice DsGl (D:7)
  An emperor scorpion zombie (Crypt:1)
  4 spriggans
  13 shadow wraiths
  3 iron trolls
  3 goliath frogs
  A sixfirhy (Depths:1)
  A salamander mystic (Snake:2)
  16 skeletal warriors
  A spriggan rider (Swamp:2)
  2 swamp dragons
  2 spriggan druids
  A fire crab (Lair:4)
  15 deep trolls
  2 naga ritualists
  10 bog bodies
  4 deep elf archers
  2 glowing orange brains
  An iron giant skeleton (Crypt:2)
  20 phantasmal warriors
  7 harpies
  9 orc knights
  8 necromancers
  4 flayed ghosts
  7 ironbound convokers
  12 wizards
  Pikel (D:6)
  9 deep elf pyromancers
  5 orc sorcerers
  3 lindwurms
  A manticore (D:12)
  14 deep elf zephyrmancers
  6 mana vipers
  21 ugly things
  A harpy (shapeshifter) (Lair:5)
  A cyclops (D:11)
  2 stone giant zombies (Depths:2)
  A wolf spider (D:15)
  A will-o-the-wisp (Swamp:4)
  6 moths of wrath
  A fire giant zombie (Depths:2)
  6 salamanders
  21 black mambas
  Joseph (D:9)
  Maurice (D:8)
  9 elephants
  6 vault sentinels
  9 naga magi
  2 smoke demons
  A titan simulacrum (Depths:1)
  2 fire giant skeletons (Depths:2)
  2 guardian serpents (Snake:4)
  2 rust devils (D:9)
  3 ice statues (IceCv)
  An orange demon (D:8)
  6 gargoyles
  11 cane toads
  A torpor snail (Lair:2)
  An unseen horror (shapeshifter) (D:14)
  A yellow draconian zombie (Crypt:3)
  3 unseen horrors (D:11)
  2 freezing wraiths
  A white draconian zombie (Crypt:2)
  6 rime drakes
  Psyche (D:9)
  3 tengu conjurers
  An efreet (D:13)
  A hellion (Depths:1)
  6 komodo dragons
  9 yaktaurs
  An ice devil (Depths:1)
  3 polar bears (Lair:4)
  A redback zombie (Crypt:3)
  A pale draconian skeleton (Crypt:3)
  3 trolls
  A hellwing (Depths:1)
  4 meliai (Depths:2)
  2 bloated husks
  An ancient zyme (Lair:5)
  6 guardian mummies
  A queen bee (shapeshifter) (Elf:2)
  3 tyrant leeches
  A nameless horror (Swamp:2)
  3 hornets
  A moth of wrath zombie (Crypt:1)
  11 blink frogs
  19 slime creatures
  A black mamba zombie (Crypt:2)
  A vampire (D:10)
  5 flying skulls
  3 ynoxinuls
  5 shadows (Crypt:3)
  An air elemental (Elf:3)
  12 wraiths
  Sigmund (D:5)
  37 yaks
  11 water elementals
  A dire elephant simulacrum (IceCv)
  2 wyverns
  3 fire elementals
  An ettin skeleton (Crypt:1)
  A hog (shapeshifter) (D:14)
  11 vampire mosquitoes
  5 basilisks (Lair:5)
  A large abomination (Lair:5)
  2 steam dragons
  2 redbacks (Vaults:2)
  4 chaos spawn
  7 swamp worms
  A two-headed ogre zombie (Crypt:3)
  An acid dragon (D:13)
  Edmund (D:4)
  A death yak simulacrum (IceCv)
  A glowing shapeshifter zombie (Depths:2)
  15 nagas
  A naga zombie (Crypt:1)
  2 wargs (Orc:1)
  13 water moccasins
  A hydra simulacrum (IceCv)
  2 swamp drakes
  2 glowing shapeshifter skeletons
  A two-headed ogre skeleton (Crypt:1)
  3 ice beasts
  32 orc warriors
  4 black bears
  A boggart (D:14)
  8 ogres
  10 wolves
  A swamp dragon skeleton (Crypt:3)
  A lemure (D:6)
  6 centaurs
  A phantom (D:4)
  3 kobold brigands
  5 bullfrogs
  4 necrophages
  A rime drake skeleton (Crypt:2)
  2 gnoll sergeants (D:10)
  4 scorpions
  A wyvern skeleton (Crypt:1)
  A troll zombie (Crypt:2)
  A yak zombie (Crypt:3)
  15 killer bees
  2 howler monkeys
  A raiju skeleton (Crypt:2)
  2 electric eels
  8 small abominations (Lair:5)
  A centaur zombie (D:7)
  11 jellies
  3 hounds
  17 orc priests
  A centaur skeleton (D:7)
  3 iguanas
  8 hell rats
  24 orc wizards
  2 polar bear simulacra (IceCv)
  2 wolf simulacra (IceCv)
  A deep dwarf skeleton (Crypt:3)
  13 gnolls
  A howler monkey skeleton (D:7)
  5 adders
  An ufetubus (D:5)
  A worm zombie (Crypt:2)
  An adder skeleton (Crypt:3)
  2 worms
  2 dart slugs (D:1)
  83 orcs
  3 ball pythons
  2 endoplasms (D:4)
  2 goblins
  4 hobgoblins
  2 jackals (D:4)
  15 kobolds
  A quokka (D:1)
  3 bats
  2 frilled lizards
  A goblin zombie (Crypt:2)
  A hobgoblin zombie (Crypt:3)
  4 rats
  A rat skeleton (Crypt:1)
  A rat zombie (Crypt:3)
  A river rat skeleton (Crypt:1)
  A spectral weapon (Zot:5)
1322 creatures vanquished.

Vanquished Creatures (collateral kills)
  3 dread liches (Zot:5)
  3 orbs of fire (Zot:5)
  A juggernaut (Depths:2)
  Sojobo (Depths:3)
  Frederick (Depths:4)
  Parghit (Zot:1)
  Bai Suzhen (Swamp:3)
  the Lernaean hydra (Swamp:4)
  7 Killer Klowns (Zot:5)
  12 golden dragons
  5 caustic shrikes
  the Enchantress (Depths:4)
  2 electric golems (Zot:5)
  A hellephant (Zot:5)
  5 liches
  18 Orb Guardians (Zot:5)
  A walking crystal tome (Depths:3)
  12 tentacled monstrosities
  The ghost of krest9999 the Peltast, an adept AtFi of Makhleb (Snake:4)
  3 deep elf master archers (Elf:3)
  A walking earthen tome (Depths:4)
  A quicksilver dragon (Depths:2)
  The ghost of krest9999 the Severer, an adept AtBe of Trog (Snake:4)
  The ghost of Elyb the Peltast, an adept MiFi of Okawaru (Snake:3)
  A deep elf blademaster (Elf:3)
  A walking frostbound tome (Depths:4)
  4 acid blobs (Zot:4)
  7 titans
  2 sphinxes
  5 death cobs
  Gastronok (D:8)
  8 tengu reavers
  3 shadow dragons
  The ghost of timruff4 the Severer, an adept MiFi of Elyvilon (Snake:4)
  5 storm dragons
  The ghost of Giangeff the Geomancer, a journeyman GrEE of Vehumet (Snake:3)
  4 draconian monks
  6 nagarajas
  2 revenants (Crypt:3)
  The ghost of Esuusch the Transmogrifier, an adept DsTm of Gozag (Snake:4)
  7 fire giants
  The ghost of Ythraa the Carver, an adept DsFi of Hepliaklqana (Snake:3)
  4 deep elf sorcerers
  5 draconian knights
  5 frost giants
  5 balrugs
  5 draconian shifters
  8 draconian scorchers
  11 vault wardens
  2 curse skulls
  3 deep elf elementalists
  3 draconian stormcallers
  2 demonspawn corrupters (WizLab)
  A reaper (Depths:1)
  A war gargoyle (Vaults:5)
  12 ironbound preservers
  An orc warlord (Depths:3)
  3 draconian annihilators
  5 spriggan defenders
  3 ironbound thunderhulks
  5 very ugly things
  4 green draconians (Zot:4)
  4 stone giants
  2 vampire knights (Depths:2)
  6 dire elephants
  2 deep elf demonologists (Elf:3)
  4 spark wasps
  3 bunyips
  4 deep elf annihilators (Elf:3)
  6 red draconians
  3 white draconians
  9 black draconians
  The ghost of MrClown the Dealer of Despair, a journeyman DsNe of Kikubaaqudgha (Lair:3)
  7 purple draconians
  3 deep elf death magi
  An eidolon (Crypt:3)
  9 yellow draconians
  5 ettins
  A shambling mangrove (Swamp:1)
  A merfolk javelineer (Depths:2)
  2 fire dragons
  10 yaktaur captains
  An entropy weaver (Vaults:4)
  4 deep elf high priests
  A jiangshi (Crypt:2)
  A great orb of eyes (Vaults:1)
  A salamander tyrant (Snake:4)
  8 vault guards
  3 rakshasas
  2 spriggan air magi
  A spriggan skeleton (Depths:2)
  3 ice dragons
  13 hydras
  7 ironbound frosthearts
  A radroach (shapeshifter) (Depths:4)
  7 anacondas
  6 naga warriors
  2 merfolk aquamancers (WizLab)
  8 alligators
  2 death yaks
  2 two-headed ogres
  3 boulder beetles (Vaults:1)
  A tengu warrior (Depths:4)
  Urug (Orc:2)
  2 deep troll shamans
  An orc high priest (Elf:3)
  6 dancing weapons
  7 shock serpents
  3 spriggan berserkers
  4 deep troll earth magi
  A storm dragon zombie (Depths:2)
  6 naga sharpshooters
  4 deep elf knights
  2 shadow wraiths (Crypt:3)
  A sun demon (Depths:1)
  A soul eater (Orc:2)
  6 hell knights
  A sixfirhy (Depths:1)
  A skyshark (Lair:5)
  6 salamander mystics
  A golden dragon zombie (Depths:2)
  2 goliath frogs (Swamp:1)
  A cherub (D:4)
  26 deep trolls
  3 iron trolls
  3 flayed ghosts
  8 naga ritualists
  11 swamp dragons
  A spark wasp zombie (Depths:1)
  6 deep elf archers
  34 slime creatures
  An obsidian statue (Depths:1)
  8 ironbound convokers
  7 bog bodies
  4 wizards
  11 phantasmal warriors
  4 harpies
  5 deep elf pyromancers
  2 large abominations (Lair:5)
  4 lindwurms
  5 necromancers
  9 deep elf zephyrmancers
  12 mana vipers
  An orc sorcerer (Orc:2)
  An orc knight (Vaults:5)
  A frost giant zombie (Depths:2)
  2 fire giant zombies
  5 oklob plants (Zot:4)
  2 cyclopes
  11 salamanders
  25 ugly things
  2 will-o-the-wisps
  An iron dragon skeleton (Depths:2)
  3 worldbinders (WizLab)
  A manticore (D:14)
  7 elephants
  8 moths of wrath
  A rust devil (Depths:1)
  21 black mambas
  7 vault sentinels
  2 cane toads
  3 guardian serpents (Snake:4)
  2 smoke demons (Lair:5)
  15 naga magi
  An orange demon (Orc:2)
  An unseen horror (D:10)
  4 centaur skeletons (D:14)
  Maggie (D:9)
  3 freezing wraiths (Crypt:3)
  A rime drake (Lair:2)
  3 komodo dragons (Lair:5)
  A tengu conjurer (Depths:4)
  16 yaktaurs
  A tormentor (Depths:1)
  An ice devil (Depths:1)
  A spectral naga (Crypt:3)
  2 guardian mummies (Vaults:3)
  A polar bear (Lair:4)
  A bloated husk (Swamp:3)
  A polar bear (shapeshifter) (Vaults:5)
  2 meliai (Depths:2)
  6 tyrant leeches
  4 hornets
  11 blink frogs
  3 spriggans
  A jumping spider (Vaults:2)
  A centaur simulacrum (D:14)
  2 shadows (Crypt:3)
  11 water elementals
  An air elemental (Elf:1)
  A jumping spider (shapeshifter) (Vaults:5)
  5 flying skulls (Crypt:3)
  5 wraiths
  A basilisk (Lair:5)
  3 ynoxinuls (Depths:1)
  21 yaks
  A golden eye (shapeshifter) (Depths:4)
  2 chaos spawn
  A fire elemental (Elf:3)
  A redback (Vaults:4)
  A glowing shapeshifter zombie (Depths:2)
  A vampire mosquito (D:14)
  A human zombie (Depths:1)
  20 nagas
  An acid dragon (D:12)
  2 wargs (D:11)
  3 swamp worms
  3 water moccasins
  2 floating eyes
  A black bear (D:7)
  11 orc warriors
  7 swamp drakes
  3 wolves
  7 ogres
  2 centaurs
  2 kobold brigands (D:14)
  4 bullfrogs
  2 necrophages (Swamp:3)
  An elephant simulacrum (IceCv)
  An electric eel (D:15)
  10 jellies (Zot:4)
  Crazy Yiuf (D:6)
  3 orc priests (Orc:2)
  A gnoll bouda (D:5)
  Ijyb (D:4)
  4 orc wizards
  2 hell rats (Lair:1)
  6 small abominations (Lair:5)
  An ogre skeleton (Crypt:1)
  5 gnolls
  A white imp (D:5)
  A dart slug (D:4)
  28 orcs
  2 ball pythons
  2 goblins
  A hobgoblin (Bailey)
  2 kobolds (D:9)
  A fungus (Lair:5)
1003 creatures vanquished.

Vanquished Creatures (others)
  A juggernaut (Depths:2)
  A Killer Klown (Zot:5)
  3 golden dragons
  2 titans
  5 quicksilver dragons
  5 sphinxes
  6 storm dragons
  4 tengu reavers
  2 shadow dragons (Zot:2)
  A draconian knight (Zot:5)
  A draconian monk (Zot:5)
  3 frost giants
  A draconian scorcher (Zot:5)
  A vault warden (WizLab)
  A draconian stormcaller (Zot:5)
  2 draconian shifters (Zot:5)
  A demonspawn corrupter (WizLab)
  A deep elf elementalist (Elf:3)
  6 stone giants
  2 ironbound preservers
  An eleionoma (Swamp:3)
  2 green draconians (Zot:5)
  3 yellow draconians
  A dire elephant (Vaults:5)
  A black draconian (Zot:5)
  A spark wasp (Depths:1)
  2 purple draconians
  3 white draconians
  2 red draconians (Zot:5)
  3 ettins
  2 yaktaur captains
  A deep elf high priest (Vaults:5)
  4 fire dragons
  3 hydras
  A vault guard (Vaults:1)
  4 spriggan air magi
  An ogre mage (Vaults:3)
  An ironbound frostheart (Vaults:1)
  A centaur warrior (Vaults:5)
  A dancing weapon (Elf:3)
  3 anacondas
  3 spriggan berserkers
  A deep troll shaman (Depths:4)
  A tengu warrior (Depths:4)
  3 naga warriors
  A deep troll earth mage (Vaults:5)
  A naga sharpshooter (Snake:4)
  3 shock serpents
  4 deep elf knights (Elf:3)
  A sixfirhy (Orc:2)
  3 hell knights
  A death drake (Swamp:2)
  A goliath frog (Swamp:4)
  A spriggan rider (Swamp:3)
  A bunyip zombie (Swamp:1)
  2 naga ritualists
  2 deep elf archers (Elf:3)
  An ironbound convoker (Vaults:5)
  6 deep elf zephyrmancers
  A necromancer (Depths:3)
  2 goliath frog zombies (Swamp:2)
  An orc knight (Vaults:3)
  A deep elf pyromancer (Elf:2)
  An eleionoma zombie (Swamp:3)
  2 wizards
  An orc sorcerer (Orc:2)
  A wolf spider (shapeshifter) (Depths:2)
  A phantasmal warrior (Crypt:3)
  5 ugly thing zombies (D:14)
  3 mana vipers
  A manticore (D:14)
  3 naga magi
  5 moths of wrath
  10 black mambas
  2 cane toads
  3 rime drakes
  3 swamp worm zombies
  3 komodo dragons
  A troll (Orc:2)
  5 hydra zombies
  A bloated husk (Swamp:3)
  A death drake zombie (Swamp:2)
  A dream sheep (shapeshifter) (Depths:2)
  A blink frog (Lair:5)
  An ettin zombie (Orc:2)
  5 spriggan zombies
  3 slime creatures
  2 tyrant leech zombies (Swamp:3)
  3 vampire mosquitoes (Swamp:3)
  4 nagas
  2 human zombies
  A swamp worm (Swamp:3)
  A cane toad zombie (Lair:5)
  A swamp worm (shapeshifter) (Depths:2)
  A swamp drake (Swamp:2)
  An ice beast (IceCv)
  An orc warrior (Orc:2)
  A manticore zombie (D:14)
  2 elephant zombies (Lair:4)
  A blink frog zombie (Lair:5)
  4 ogres (Orc:2)
  4 vampire mosquito zombies (Swamp:3)
  4 komodo dragon zombies
  2 rime drake zombies
  A kobold brigand (D:14)
  A gnoll sergeant (D:11)
  A cyclops zombie (Orc:2)
  4 water moccasin zombies
  3 yak zombies
  A killer bee (D:14)
  5 wolf zombies (Lair:5)
  2 bullfrog zombies
  A gnoll bouda (D:11)
  2 killer bee zombies
  An ice beast zombie (IceCv)
  4 ogre zombies (Orc:2)
  A gnoll (Bailey)
  A swamp drake zombie (Swamp:2)
  2 orcs
  7 gnoll zombies
  A hobgoblin (D:11)
  2 hobgoblin zombies
  54 orc zombies
  8 foxfires
  34 fungi
  39 plants
  6 spectral weapons
  2 withered plants (Snake:4)
412 creatures vanquished.

Grand Total: 2737 creatures vanquished

Notes
Turn   | Place    | Note
-------+----------+-------------------------------------------
     0 | D:1      | MrClown the Demonspawn Necromancer began the quest for the
                  | Orb.
     0 | D:1      | Reached XP level 1. HP: 13/13 MP: 3/3
   529 | D:1      | Gained mutation: A weak demonic guardian rushes to your
                  | aid. [demonic ancestry]
   529 | D:1      | Reached XP level 2. HP: 13/19 MP: 0/5
   600 | D:1      | You fall into a shaft and drop 1 floor!
  1147 | D:2      | Reached skill level 3 in Spellcasting
  1194 | D:2      | Found a sacrificial altar of Ru.
  1286 | D:2      | Identified the +3 ring mail "Roklun" {+Inv rC+ Int+3 Dex-5}
  1743 | D:3      | Gained mutation: A demonic guardian rushes to your aid.
                  | [demonic ancestry]
  1743 | D:3      | Reached XP level 3. HP: 24/24 MP: 5/7
  1844 | D:3      | Noticed an ice beast
  1860 | D:3      | Learned a level 3 spell: Vampiric Draining
  1925 | D:3      | Reached skill level 4 in Spellcasting
  1925 | D:3      | Reached XP level 4. HP: 13/30 MP: 0/10
  2014 | D:2      | Learned a level 4 spell: Animate Dead
  2178 | D:3      | Killed an ice beast
  2179 | D:3      | Reached skill level 5 in Spellcasting
  2179 | D:3      | Reached XP level 5. HP: 35/35 MP: 1/12
  2480 | D:3      | Found an ancient bone altar of Kikubaaqudgha.
  2491 | D:3      | Became a worshipper of Kikubaaqudgha
  2976 | D:3      | Learned a level 5 spell: Agony
  3020 | D:4      | Noticed a phantom
  3031 | D:4      | Reached skill level 5 in Necromancy
  3240 | D:4      | Found a stormy altar of Qazlal.
  3315 | D:4      | Reached XP level 6. HP: 32/41 MP: 8/13
  3658 | D:4      | Noticed Edmund
  3674 | D:4      | Killed Edmund
  3675 | D:4      | Reached XP level 7. HP: 31/46 MP: 4/14
  4283 | D:4      | Noticed Ijyb
  4292 | D:4      | Killed Ijyb
  4476 | D:5      | Entered Level 5 of the Dungeon
  4551 | D:5      | Reached * piety under Kikubaaqudgha
  4551 | D:5      | Received a gift from Kikubaaqudgha
  4634 | D:5      | Noticed Sigmund
  4646 | D:5      | Killed Sigmund
  4772 | D:5      | Gained mutation: You have large cloven feet. [demonic
                  | ancestry]
  4772 | D:5      | Reached XP level 8. HP: 45/58 MP: 5/15
  5296 | D:5      | Found a hazy altar of Hepliaklqana.
  5529 | D:5      | Reached skill level 5 in Fighting
  5529 | D:5      | Reached skill level 1 in Evocations
  5896 | D:6      | Reached skill level 5 in Evocations
  6030 | D:6      | Found a shadowy altar of Dithmenos.
  6037 | D:6      | Noticed Pikel
  6054 | D:6      | Killed Pikel
  6055 | D:6      | Reached XP level 9. HP: 32/68 MP: 4/16
  6505 | D:6      | Found a runed translucent door.
  6506 | D:6      | Noticed Crazy Yiuf
  6513 | D:6      | Killed Crazy Yiuf
  6643 | D:7      | Found a flagged portal.
  6647 | D:7      | Reached ** piety under Kikubaaqudgha
  6657 | Bailey   | Entered a bailey
  6742 | Bailey   | Noticed an orc warlord
  6807 | Bailey   | Noticed an orc knight
  6823 | Bailey   | Killed an orc knight
  6834 | Bailey   | Found a runed translucent gate.
  6834 | Bailey   | Found a runed translucent gate.
  6834 | Bailey   | Found a runed translucent gate.
  7087 | Bailey   | Killed an orc warlord
  7088 | Bailey   | Reached skill level 6 in Spellcasting
  7088 | Bailey   | Reached XP level 10. HP: 52/74 MP: 16/20
  7128 | Bailey   | Reached skill level 9 in Spellcasting
  7128 | Bailey   | Gained mutation: You are partially covered in molten
                  | scales. (AC +2) [demonic ancestry]
  7128 | Bailey   | Reached XP level 11. HP: 69/79 MP: 20/24
  7308 | D:7      | Found a staircase to the Ecumenical Temple.
  7422 | D:7      | Found a runed translucent gate.
  7423 | D:7      | Found a runed translucent gate.
  7424 | D:7      | Found a runed translucent gate.
  7433 | D:7      | Noticed diceflayer's ghost (novice DsGl)
  7852 | D:8      | Noticed Maurice
  7875 | D:8      | Killed Maurice
  7956 | D:8      | Learned a level 4 spell: Dispel Undead
  7963 | D:8      | Learned a level 6 spell: Death Channel
  8106 | D:8      | Reached skill level 10 in Spellcasting
  8314 | D:8      | Noticed Gastronok
  8356 | D:8      | Killed Gastronok
  8844 | D:8      | Identified the ring "Wixtomo" {rElec rC+ MP+9 Slay+3}
 10400 | D:9      | Found a staircase to the Orcish Mines.
 10400 | D:9      | Noticed Joseph
 10416 | D:9      | Killed Joseph
 10417 | D:9      | Reached skill level 10 in Necromancy
 10431 | D:9      | Reached *** piety under Kikubaaqudgha
 10431 | D:9      | Received a gift from Kikubaaqudgha
 10633 | D:9      | Learned a level 5 spell: Borgnjor's Vile Clutch
 10663 | D:9      | Noticed Psyche
 10675 | D:9      | Killed Psyche
 11096 | D:9      | Noticed Maggie
 11108 | D:9      | Killed Maggie
 11732 | D:10     | Entered Level 10 of the Dungeon
 11881 | D:10     | Reached skill level 1 in Earth Magic
 12012 | D:10     | Gained mutation: You have hoof-like feet. [demonic
                  | ancestry]
 12012 | D:10     | Reached XP level 12. HP: 86/86 MP: 17/26
 12327 | D:10     | Reached **** piety under Kikubaaqudgha
 12623 | D:10     | Noticed a two-headed ogre
 12629 | D:10     | Killed a two-headed ogre
 13044 | D:10     | Reached skill level 5 in Earth Magic
 13313 | D:11     | Found a staircase to the Lair.
 13613 | D:11     | Noticed Fannar
 13620 | D:11     | Killed Fannar
 14922 | Lair:1   | Entered Level 1 of the Lair of Beasts
 14947 | Lair:1   | Learned a level 3 spell: Stone Arrow
 16063 | Lair:2   | Noticed a six-headed hydra
 16075 | Lair:2   | Killed a six-headed hydra
 16076 | Lair:2   | Gained mutation: You are mostly covered in molten scales.
                  | (AC +3) [demonic ancestry]
 16076 | Lair:2   | Reached XP level 13. HP: 91/99 MP: 7/27
 16690 | Lair:2   | Found the +4 skin of Zhor {*Englaciate rC+++ SInv}
 16792 | Lair:2   | Reached skill level 10 in Fighting
 17147 | Lair:3   | Reached skill level 1 in Conjurations
 17215 | Lair:3   | Noticed MrClown's ghost (journeyman DsNe)
 17459 | Lair:3   | Found a staircase to the Snake Pit.
 17764 | Lair:3   | Found a hazy altar of Hepliaklqana.
 17823 | Lair:3   | Found a staircase to the Swamp.
 17838 | Lair:3   | Found a transporter.
 17852 | Lair:3   | Found a transporter.
 18479 | Lair:3   | Killed MrClown's ghost
 18480 | Lair:3   | Reached skill level 5 in Conjurations
 18516 | Lair:3   | Identified the ring of Guyfem {*Corrode Fly rF+ MP-9 Int+8}
 18843 | Lair:4   | Reached skill level 11 in Spellcasting
 18905 | Lair:4   | Found a frozen archway.
 18969 | Lair:4   | Reached ***** piety under Kikubaaqudgha
 19000 | Lair:4   | Reached skill level 12 in Spellcasting
 19073 | IceCv    | Entered an ice cave
 19717 | IceCv    | Identified the +3 glaive of Fedhas, Healing {drain, rPois
                  | rCorr SInv}
 19847 | Lair:4   | Gained mutation: You are completely covered in molten
                  | scales. (AC +4, rF+) [demonic ancestry]
 19847 | Lair:4   | Reached XP level 14. HP: 110/110 MP: 28/30
 20728 | Lair:4   | Reached skill level 13 in Spellcasting
 21374 | Lair:5   | Entered Level 5 of the Lair of Beasts
 21782 | Lair:5   | Reached skill level 14 in Spellcasting
 21863 | Lair:5   | Found a viscous altar of Jiyva.
 21864 | Lair:5   | Found a staircase to the Slime Pits.
 22300 | Lair:5   | Reached skill level 15 in Spellcasting
 22451 | Lair:5   | Reached skill level 1 in Armour
 22577 | Lair:5   | Identified the +4 chain mail of Temperance {Drain Dex+3
                  | Stlth+}
 22712 | Lair:5   | Learned a level 2 spell: Blink
 23071 | Lair:5   | Found a corrupted altar of Lugonu.
 23071 | Lair:5   | Found a one-way gate to the infinite horrors of the Abyss.
 23535 | Lair:5   | Reached skill level 5 in Armour
 24141 | Orc:1    | Entered Level 1 of the Orcish Mines
 24184 | Orc:1    | Reached XP level 15. HP: 111/115 MP: 2/34
 24790 | Orc:2    | Entered Level 2 of the Orcish Mines
 24804 | Orc:2    | Reached ****** piety under Kikubaaqudgha
 24805 | Orc:2    | Received a gift from Kikubaaqudgha
 24832 | Orc:2    | Noticed Urug
 24852 | Orc:2    | Killed Urug
 24907 | Orc:2    | Found Jiumyibb's General Store.
 24974 | Orc:2    | Found Jumufetz's General Store.
 25558 | Orc:2    | Paralysed by an orc sorcerer for 2 turns
 25650 | Orc:2    | Found Pozytuff's Antique Weapon Shop.
 25650 | Orc:2    | Found Catotico's Jewellery Boutique.
 25650 | Orc:2    | Found a one-way gate leading to the halls of Pandemonium.
 25657 | Orc:2    | Reached skill level 1 in Summonings
 25755 | Orc:2    | Bought a scroll of immolation for 56 gold pieces
 25755 | Orc:2    | Bought a scroll of teleportation for 42 gold pieces
 25755 | Orc:2    | Bought a wand of roots (8) for 268 gold pieces
 25757 | Orc:2    | Bought a scroll of blinking for 112 gold pieces
 25892 | Orc:2    | Found a staircase to the Elven Halls.
 26119 | Orc:1    | Noticed Jorgrun
 26136 | Orc:1    | Killed Jorgrun
 26466 | Orc:2    | Learned a level 7 spell: Haunt
 26584 | D:12     | Found the +7 mace of Variability {chaos, chaos arc}
 26756 | D:12     | Found a shimmering altar of Xom.
 27545 | D:13     | Found a large runed translucent door.
 27545 | D:13     | Found a large runed translucent door.
 27564 | D:13     | Found Quzil's Assorted Antiques.
 27582 | D:13     | Reached skill level 5 in Summonings
 27589 | D:13     | Bought a black potion for 22 gold pieces
 27589 | D:13     | Bought a glowing yellow potion for 22 gold pieces
 27709 | D:7      | Killed diceflayer's ghost
 27718 | D:7      | Identified a scroll of acquirement
 28350 | D:13     | Noticed yogakurto's ghost (journeyman OpWr)
 28360 | D:13     | Killed yogakurto's ghost
 28368 | D:13     | Identified the +2 falchion "Faisok" {drain, rPois rF++ rC+
                  | Str-2}
 28641 | D:14     | Noticed Ytheofip's ghost (journeyman FoFi)
 28641 | D:14     | Found a runed translucent door.
 28889 | D:14     | Noticed Snorg
 28894 | D:14     | Killed Snorg
 29099 | D:14     | Noticed Frances
 29108 | D:14     | Killed Frances
 29328 | D:14     | Gained mutation: You have hooves in place of feet. [demonic
                  | ancestry]
 29328 | D:14     | Reached XP level 16. HP: 91/122 MP: 3/35
 29363 | D:14     | Paralysed by an ogre mage for 3 turns
 29969 | D:14     | Found a gate to the Vaults.
 30041 | D:14     | Killed Ytheofip's ghost
 30114 | D:15     | Entered Level 15 of the Dungeon
 30152 | D:15     | Found a staircase to the Depths.
 31080 | D:15     | Reached skill level 15 in Necromancy
 31491 | Swamp:1  | Entered Level 1 of the Swamp
 33425 | Swamp:3  | Gained mutation: You regenerate magic rapidly. [demonic
                  | ancestry]
 33425 | Swamp:3  | Reached XP level 17. HP: 128/128 MP: 36/36
 33442 | Swamp:3  | Noticed Bai Suzhen
 33451 | Swamp:3  | Killed Bai Suzhen
 34014 | Swamp:3  | Learned a level 8 spell: Infestation
 34015 | Swamp:4  | Entered Level 4 of the Swamp
 34160 | Swamp:4  | Identified the +0 cloak "Cis Zyo" {+Blink +Inv Dex-2}
 34163 | Swamp:4  | Noticed the 27-headed Lernaean hydra
 34167 | Swamp:4  | Killed the 27-headed Lernaean hydra
 34168 | Swamp:4  | Reached skill level 16 in Spellcasting
 34216 | Swamp:4  | Got a decaying rune of Zot
 34315 | Swamp:4  | Found a basalt altar of Yredelemnul.
 34975 | Vaults:1 | Entered Level 1 of the Vaults
 35067 | Vaults:1 | Reached skill level 17 in Spellcasting
 35690 | Vaults:1 | Reached skill level 18 in Spellcasting
 36270 | Vaults:1 | Reached XP level 18. HP: 134/134 MP: 29/40
 36748 | Vaults:2 | Reached skill level 19 in Spellcasting
 37023 | Vaults:2 | Found Miwkas's Magic Scroll Shop.
 37031 | Vaults:2 | Bought a scroll of brand weapon for 199 gold pieces
 37031 | Vaults:2 | Bought a scroll of enchant weapon for 157 gold pieces
 37240 | Vaults:2 | Reached skill level 20 in Spellcasting
 37284 | Vaults:2 | Identified the ring "Seckouc" {Fly rElec rF+ rC+ MP-9}
 37830 | Vaults:3 | Paralysed by a great orb of eyes for 4 turns
 37857 | Vaults:3 | You are sucked into a shaft and drop 1 floor!
 38109 | Vaults:3 | Noticed Mara
 38123 | Vaults:3 | Noticed MrClown's illusion
 38123 | Vaults:3 | Killed Mara
 38261 | Vaults:3 | Found a portal to a secret trove of treasure.
 38502 | Vaults:3 | Found a staircase to the Crypt.
 38502 | Vaults:3 | Found a basalt altar of Yredelemnul.
 38503 | Vaults:3 | Found an ancient bone altar of Kikubaaqudgha.
 38980 | Vaults:3 | Gained mutation: Your presence sometimes corrodes those you
                  | injure. [demonic ancestry]
 38980 | Vaults:3 | Reached XP level 19. HP: 117/148 MP: 39/43
 39450 | Vaults:4 | Found Kote Kes's Weapon Shoppe.
 39866 | Vaults:4 | Found Ibrosuh's Distillery.
 39870 | Vaults:4 | Bought a potion of curing for 33 gold pieces
 39870 | Vaults:4 | Bought a potion of curing for 33 gold pieces
 39870 | Vaults:4 | Bought a potion of curing for 33 gold pieces
 39870 | Vaults:4 | Bought a potion of curing for 33 gold pieces
 39870 | Vaults:4 | Bought a potion of curing for 33 gold pieces
 39870 | Vaults:4 | Bought a potion of curing for 33 gold pieces
 40175 | Vaults:4 | Found Cacylaf's Antique Weapon Shop.
 40217 | Vaults:4 | Found Kepyab's Antique Armour Shop.
 40568 | Vaults:4 | Reached skill level 15 in Fighting
 40581 | Vaults:4 | Found Yschou's Assorted Antiques.
 40589 | Vaults:4 | Bought a wand of light (4) for 537 gold pieces
 40589 | Vaults:4 | Bought a potion of haste for 320 gold pieces
 40589 | Vaults:4 | Bought a crystal halberd for 288 gold pieces
 40589 | Vaults:4 | Identified the +5 halberd of Resourcefulness {antimagic,
                  | Int+5} (You bought it in a shop on level 4 of the Vaults)
 41474 | Elf:1    | Entered Level 1 of the Elven Halls
 41783 | Elf:1    | Got the Discourse on Accomplices
 41814 | Elf:1    | Found Bedwuy's Magic Scroll Shop.
 43029 | Elf:2    | Found a runed translucent gate.
 43064 | Elf:2    | Found a runed translucent gate.
 43064 | Elf:2    | Found a runed translucent gate.
 43115 | Elf:3    | Entered Level 3 of the Elven Halls
 43294 | Elf:3    | Found Kapofuaj's Jewellery Boutique.
 43294 | Elf:3    | Found Qosiggol's Book Shoppe.
 43295 | Elf:3    | Found Tuyh Gori's Jewellery Boutique.
 43540 | Elf:3    | Reached XP level 20. HP: 156/162 MP: 6/44
 43723 | Elf:3    | Identified the ring "Nirghem" {rC+ rN+ Str+6}
 43760 | Elf:3    | Identified the +12 demon blade of Zir Qas {venom, *Noise
                  | +Blink rN+ SInv}
 43770 | Elf:3    | Identified the ring "Aralekiok" {Ice Dex+2 SInv}
 44909 | Snake:1  | Entered Level 1 of the Snake Pit
 45025 | Snake:1  | Identified the +0 trident "Danlos" {pain, rC- Int+4}
 46398 | Snake:1  | Acquired 1129 gold pieces
 46436 | Snake:2  | Found a transporter.
 46519 | Snake:2  | Found a transporter.
 47033 | Snake:2  | Found Zeuwuarph's Weapon Shop.
 47036 | Snake:2  | Found Jisch's General Store.
 47036 | Snake:2  | Found Fuuroso's Distillery.
 47041 | Snake:2  | Found Vausygox's Assorted Antiques.
 47059 | Snake:2  | Bought a potion of magic for 112 gold pieces
 47059 | Snake:2  | Bought a potion of heal wounds for 70 gold pieces
 47059 | Snake:2  | Bought a potion of magic for 112 gold pieces
 47059 | Snake:2  | Bought a potion of heal wounds for 70 gold pieces
 47485 | Snake:2  | Noticed Donald
 47493 | Snake:2  | Killed Donald
 47907 | Snake:3  | Reached skill level 10 in Armour
 48076 | Snake:3  | Found a runed translucent gate.
 48076 | Snake:3  | Found a runed translucent gate.
 48076 | Snake:3  | Found a runed translucent gate.
 48076 | Snake:3  | Noticed Giangeff's ghost (journeyman GrEE)
 48085 | Snake:3  | Noticed Ythraa's ghost (adept DsFi)
 48085 | Snake:3  | Noticed Elyb's ghost (adept MiFi)
 48378 | Snake:3  | Killed Ythraa's ghost
 48379 | Snake:3  | Killed Elyb's ghost
 48382 | Snake:3  | Killed Giangeff's ghost
 48435 | Snake:4  | Entered Level 4 of the Snake Pit
 49087 | Snake:4  | Found a runed translucent gate.
 49087 | Snake:4  | Found a runed translucent gate.
 49087 | Snake:4  | Found a runed translucent gate.
 49098 | Snake:4  | Gained mutation: Your presence sometimes corrodes or
                  | deforms those you injure. [demonic ancestry]
 49098 | Snake:4  | Reached XP level 21. HP: 158/168 MP: 24/45
 49103 | Snake:4  | Noticed timruff4's ghost (adept MiFi)
 49103 | Snake:4  | Noticed Esuusch's ghost (adept DsTm)
 49104 | Snake:4  | Noticed krest9999's ghost (adept AtFi)
 49104 | Snake:4  | Noticed krest9999's ghost (adept AtBe)
 49363 | Snake:4  | Reached skill level 15 in Armour
 49371 | Snake:4  | Got a serpentine rune of Zot
 49751 | Snake:4  | Identified the +4 quarterstaff of Offi {spect, *Noise
                  | +Blink rElec Dex+4}
 50119 | Snake:4  | Killed Esuusch's ghost
 50128 | Snake:4  | Killed krest9999's ghost
 50137 | Snake:4  | Killed krest9999's ghost
 50141 | Snake:4  | Killed timruff4's ghost
 51085 | Vaults:3 | You paid a toll of 18 potions of curing to enter a treasure
                  | trove
 51086 | Trove    | Entered a treasure trove
 51112 | Trove    | Identified the +1 plate armour of Lacijid {rElec rC+ Str-5}
 51113 | Trove    | Identified the ring of Fethrur {Fly rElec Will+}
 51115 | Trove    | Identified the +1 pair of gloves of the Griffon {Will-
                  | Str+3 Dex+4}
 51117 | Trove    | Got the Tractate on Nephomancy
 51286 | Depths:1 | Entered Level 1 of the Depths
 51290 | Depths:1 | Paralysed by a floating eye for 3 turns
 51446 | Depths:1 | Reached skill level 1 in Fire Magic
 51497 | Depths:1 | Found a gateway to Hell.
 51512 | Depths:1 | Identified the +5 ring mail "Wethrewk" {Harm}
 51665 | Depths:1 | Found Vedwuur's Tiny Tomes.
 51806 | Depths:1 | Found a transporter.
 51826 | Depths:1 | Found a transporter.
 52114 | Depths:1 | Found a transporter.
 52269 | Depths:1 | Found a transporter.
 53152 | Depths:2 | Reached skill level 5 in Fire Magic
 53566 | Depths:2 | Noticed a juggernaut
 53576 | Depths:2 | Killed a juggernaut
 53616 | Depths:2 | Gained mutation: When hurt, damage is shared between your
                  | health and your magic reserves. [demonic ancestry]
 53616 | Depths:2 | Reached XP level 22. HP: 144/175 MP: 30/46
 54181 | Depths:2 | Noticed a golden dragon
 54188 | Depths:2 | Killed a golden dragon
 54491 | Depths:2 | Reached skill level 10 in Conjurations
 54517 | Depths:2 | Identified the +0 plate armour "Cehu Xaa" {Drain Int+4}
 54521 | Depths:2 | Identified the +6 arbalest of Victory {flame, Int+5}
 54522 | Depths:2 | Identified the staff of conjuration "Falanyimm" {Will+}
 54540 | Depths:2 | Identified the +7 halberd "Muestro" {antimagic, rF+}
 54669 | Depths:2 | Noticed a golden dragon
 54735 | Depths:2 | Identified the +0 great sword "Ten Fug" {drain, Int-3
                  | Dex+3}
 54735 | Depths:2 | Identified the ring "Ukhocikh" {rPois rCorr}
 54749 | Depths:2 | Killed a golden dragon
 54786 | Depths:2 | Found a one-way gateway to a ziggurat.
 54820 | Depths:2 | Noticed a caustic shrike
 54829 | Depths:2 | Killed a caustic shrike
 54966 | Depths:2 | Identified the staff of earth "Ximos" {rC+ Will- MP-9
                  | Int+6}
 55927 | Depths:2 | Learned a level 6 spell: Iron Shot
 55938 | Depths:2 | Learned a level 9 spell: Death's Door
 56331 | Depths:3 | Noticed Sojobo
 56343 | Depths:3 | Killed Sojobo
 56345 | Depths:3 | Found a magical portal.
 56369 | WizLab   | Entered Alistair's Party Mansion
 56689 | WizLab   | Acquired the Unrestrained Analects
 57294 | Depths:3 | Reached skill level 10 in Fire Magic
 57755 | Depths:4 | Entered Level 4 of the Depths
 57834 | Depths:4 | Found a flickering gateway to a bazaar.
 57835 | Depths:4 | Noticed a caustic shrike
 57835 | Depths:4 | Noticed a caustic shrike
 57836 | Depths:4 | Noticed a caustic shrike
 57838 | Depths:4 | Noticed a caustic shrike
 57843 | Depths:4 | Killed a caustic shrike
 57844 | Depths:4 | Killed a caustic shrike
 57846 | Depths:4 | Killed a caustic shrike
 57849 | Depths:4 | Killed a caustic shrike
 57924 | Bazaar   | Entered a bazaar
 58185 | Bazaar   | Found Woan's Book Shoppe.
 58186 | Bazaar   | Found Ogos's Magic Scroll Shoppe.
 58195 | Bazaar   | Bought a scroll of silence for 171 gold pieces
 58229 | Bazaar   | Found Aborredgh's Armour Emporium.
 58229 | Bazaar   | Found Odwoaqoneacs's Distillery.
 58251 | Bazaar   | Bought a potion of heal wounds for 80 gold pieces
 58706 | Depths:4 | Found a gate to the Realm of Zot.
 58706 | Depths:4 | Noticed a golden dragon
 58706 | Depths:4 | Noticed a golden dragon
 58713 | Depths:4 | Killed a golden dragon
 58720 | Depths:4 | Killed a golden dragon
 58729 | Depths:4 | Reached XP level 23. HP: 97/181 MP: 4/47
 59305 | Depths:3 | Identified the staff of cold "Barghyor" {rC+ rN+++ rCorr
                  | Str-5 Int+5}
 59374 | Depths:3 | Got Fuus Fuc's Textbook on Force
 59844 | Vaults:4 | Bought the +5 glaive "Lejout" {spect, rN++} for 939 gold
                  | pieces
 59940 | Crypt:1  | Entered Level 1 of the Crypt
 60076 | Crypt:1  | Found a runed translucent gate.
 60076 | Crypt:1  | Found a runed translucent gate.
 60076 | Crypt:1  | Noticed a dread lich
 60096 | Crypt:1  | Found a runed translucent gate.
 60100 | Crypt:1  | Noticed an ancient lich
 60198 | Crypt:1  | Noticed Ciwiv's ghost (veteran FoFi)
 60223 | Crypt:1  | Noticed a dread lich
 60231 | Crypt:1  | Paralysed by a dread lich for 4 turns
 60233 | Crypt:1  | Killed a dread lich
 61801 | Crypt:1  | Found a basalt altar of Yredelemnul.
 61967 | Crypt:2  | Reached skill level 15 in Fire Magic
 61976 | Crypt:2  | Identified the +5 leather armour of the Swamp {Harm rN++
                  | Will- Str+3}
 62622 | Crypt:3  | Entered Level 3 of the Crypt
 63263 | Crypt:3  | Found a basalt altar of Yredelemnul.
 63334 | Crypt:3  | Gained mutation: When low on magic, you restore magic in
                  | place of health. [demonic ancestry]
 63334 | Crypt:3  | Reached XP level 24. HP: 188/188 MP: 26/47
 63336 | Crypt:3  | Reached skill level 15 in Conjurations
 63344 | Crypt:3  | Identified the amulet "Neluaben" {RegenMP rElec Regen+
                  | Str+4}
 63376 | Crypt:3  | Identified the +10 plate armour of Lahueki {rElec Will++
                  | Int-4 Dex-2}
 64192 | Crypt:3  | Found a staircase to the Tomb.
 64689 | Vaults:5 | Entered Level 5 of the Vaults
 65069 | Vaults:4 | Learned a level 8 spell: Ignition
 65070 | Vaults:5 | Noticed a dread lich
 65079 | Vaults:5 | Killed a dread lich
 65258 | Vaults:5 | Identified the +11 battleaxe "Death Rattle" {heavy, Contam
                  | *Noise rC+++ Int+8}
 65514 | Vaults:5 | Identified the amulet "Gethrut" {Acrobat rPois}
 65572 | Vaults:5 | Got a silver rune of Zot
 65620 | Vaults:5 | Identified the +1 helmet "Manir" {Dex+2}
 65682 | Vaults:5 | Identified the staff of earth "Roitiyxt" {rPois rF- rN+++
                  | Will-}
 65903 | Vaults:5 | Found the +16 obsidian axe {drain, demonic, Mesm Drain Fly
                  | SInv}
 65911 | Vaults:5 | Identified the scarf of the Tundras {rC+ rF+, Contam Int+4
                  | Dex+4}
 65919 | Vaults:5 | Identified the +5 ring mail of Veudeczy {rF+}
 66160 | Vaults:5 | Identified the +5 dire flail of Doom {protect, Dex+4}
 66169 | Vaults:5 | Identified the staff of conjuration "Qyga" {rElec rC+ rCorr
                  | Str-2}
 66560 | Vaults:5 | Identified the +6 sling "Vekial" {drain, SInv}
 66774 | Vaults:5 | Identified the +8 scimitar "Caos" {flame, rF+}
 67115 | Depths:3 | Identified the +9 broad axe of the Median {speed, rN+
                  | Stlth+}
 67123 | Depths:3 | Identified the +0 lajatang "Cuoras" {freeze, Drain rElec
                  | Int+2}
 67230 | Depths:3 | Found a hazy altar of Hepliaklqana.
 67232 | Depths:3 | Found a faded altar of an unknown god.
 67541 | Depths:4 | Noticed Frederick
 67542 | Depths:4 | Gained mutation: You can speak a Word of Chaos. [demonic
                  | ancestry]
 67542 | Depths:4 | Reached XP level 25. HP: 181/194 MP: 36/47
 67547 | Depths:4 | Killed Frederick
 68025 | Depths:4 | Noticed the Enchantress
 68033 | Depths:4 | Killed the Enchantress
 68445 | Zot:1    | Entered Level 1 of the Realm of Zot
 68536 | Zot:1    | HP: 8/194 [yellow draconian annihilator/bolt of lightning[a
                  | purple draconian shifter] (9)]
 68568 | Zot:1    | Noticed Parghit
 68577 | Zot:1    | Killed Parghit
 70017 | Zot:2    | Reached skill level 21 in Spellcasting
 70382 | Zot:4    | Reached skill level 22 in Spellcasting
 70514 | Zot:4    | Gained mutation: A powerful demonic guardian rushes to your
                  | aid. [demonic ancestry]
 70514 | Zot:4    | Reached XP level 26. HP: 168/201 MP: 32/49
 70583 | Zot:5    | Entered Level 5 of the Realm of Zot
 70753 | Zot:5    | Reached skill level 23 in Spellcasting
 70783 | Zot:5    | Noticed a dread lich
 70796 | Zot:5    | Killed a dread lich
 70798 | Zot:5    | Noticed an orb of fire
 70806 | Zot:5    | Noticed a dread lich
 70807 | Zot:5    | Killed an orb of fire
 70811 | Zot:5    | Killed a dread lich
 70855 | Zot:5    | Reached skill level 24 in Spellcasting
 70892 | Zot:5    | Noticed an orb of fire
 70906 | Zot:5    | HP: 2/201 [Killer Klown/klown pie (42)]
 70915 | Zot:5    | Killed an orb of fire
 70922 | Zot:5    | Noticed an orb of fire
 70938 | Zot:5    | Killed an orb of fire
 70949 | Zot:5    | Learned a level 9 spell: Fire Storm
 71098 | Zot:5    | Reached skill level 25 in Spellcasting
 71126 | Zot:5    | Got the Orb of Zot
 71171 | Zot:5    | Noticed a dread lich
 71177 | Zot:5    | Killed a dread lich
 71688 | D:4      | Noticed a seraph
 71780 | D:1      | Gained mutation: You are clumsy. (Dex -2) [potion of
                  | mutation]
 71780 | D:1      | Gained mutation: Your spells are a little harder to cast,
                  | but a little more powerful. [potion of mutation]
 71782 | D:$      | Escaped with the Orb!

Illustrated notes

Levels and vault maps discovered:
D:1:      lemuel_arrival_rhombus, layout_basic, kennysheep_minor_cross,
          minmay_misc_feat_five, serial_bayou_lagoon_a, kennysheep_flooded_box
D:2:      layout_rooms, basic_altar
D:3:      layout_loops_corners, mainiacjoe_overflow_24_doors,
          kiku_gazebo_garden_becter
D:4:      layout_loops_ring, mainiacjoe_overflow_chevrons, nrook_loot_triangle,
          st_stairs_10, serial_bayou_pond_e, uniq_edmund, uniq_ijyb
D:5:      layout_basic, mainiacjoe_overflow_six_doors_small, uniq_sigmund
D:6:      layout_rooms, nicolae_dithmenos_through_a_glass_darkly,
          mainiacjoe_overflow_small_starburst, serial_bayou_pond_d,
          uniq_crazy_yiuf_cottage, uniq_pikel
D:7:      layout_cave_pools, minmay_temple_entry_drinking_statues,
          enter_bailey_4, gammafunk_ghost_necromancy
D:8:      cheibrodos_iron_armory, layout_basic, uniq_gastronok, uniq_maurice
D:9:      layout_cave_pods, david_orc_3, kennysheep_cluttered_room,
          eino_small_chamber_without_monster, uniq_psyche, uniq_joseph,
          uniq_maggie
D:10:     layout_roguey [special_room_orc]
D:11:     layout_basic, erik_lair_orcish_takeover, uniq_fannar
D:12:     layout_long_grid, minmay_guarded_unrand_variability
D:13:     layout_irregular_city, serial_shops, shop, ebering_ghost_disaster_area
D:14:     layout_cave_pods, hangedman_vaults_entry_quadrant_bands,
          hellmonk_ghost_happy_afterlife, uniq_frances, uniq_snorg
D:15:     hangedman_depths_entry_try_elsewhere_first, layout_basic,
          hangedman_decor_opposing, hangedman_decor_growths
Lair:1:   layout_chaotic_city
Lair:2:   layout_roguey, st_stairs_5, hellmonk_guarded_unrand_zhor,
          grunt_megastairs_4
Lair:3:   layout_cave_pods, minmay_swamp_entry_worms,
          minmay_snake_entry_guardpost_small, basic_altar, nzn_ghost_randoct,
          cheibrodos_lair_reptile_den
Lair:4:   layout_gridlike, portal_ice_cave_entry_animals_and_master,
          minmay_shattered_shrine
Lair:5:   hellmonk_lair_end_abyssal_woods, layout_regular_city, slime_entry_1,
          lemuel_fruit_tree, grunt_megastairs_3
Swamp:1:  layout_falls_marsh, nicolae_swamp_ascending_descending_big,
          hangedman_swamp_grove
Swamp:2:  layout_basic_swamp, evilmike_swamp_ruin_rubble_1
Swamp:3:  layout_falls_marsh, evilmike_swamp_ruin_house_1, swamp_pool5,
          hangedman_swamp_ravenous, uniq_bai_suzhen
Swamp:4:  swamp, layout_basic_swamp, lemuel_altar_in_water, swamp_pool2
Snake:1:  layout_chambers, special_room, grunt_ministairs_10
Snake:2:  gammafunk_the_bubble [the_bubble_gammafunk_plus_minus],
          layout_cave_town, minmay_shoptagon, uniq_donald
Snake:3:  layout_onion_interference, gammafunk_ghost_cemetery
Snake:4:  snake_pit_salamanders_mu, layout_basic, gammafunk_ghost_cemetery
Orc:1:    layout_diamond_mine, uniq_jorgrun
Orc:2:    pf_orc_diabolical, layout_caves, basic_altar, uniq_urug
Elf:1:    layout_geoelf_octagon, serial_shops, nicolae_shop_advertising_works
          [nicolae_subvault_shop_adworks], minmay_elf_demonology, drop_trap
Elf:2:    elven_hall_of_blades_hangedman_original [nicolae_blade_tridents],
          layout_rooms, serial_glass, glass_columns_c, glass_columns_a
Elf:3:    minmay_elf_hall_statues, layout_geoelf_diagonals, grunt_megastairs_5,
          minmay_shop_grove
Vaults:1: hangedman_vaults_corner, ontoclasm_vaults_spin,
          nicolae_vaults_angled_halls, v_alt_pattern_5,
          nicolae_vaults_turnstiles, v_pattern_4, hangedman_vaults_stitches,
          ontoclasm_vaults_ligature, vaults_dpeg_emergency_exit,
          nicolae_vaults_tetromino_T_1, ontoclasm_vaults_twist,
          grunt_vaults_bifocal, nicolae_vaults_crenellated_ambush,
          nicolae_vaults_diamond_2, layout_vaults_maze
Vaults:2: nicolae_vaults_specimen_jars, nicolae_vaults_closet_pinwheel_3,
          nicolae_vaults_tangram_1, nicolae_vaults_alarming,
          vaults_room_door_hall, v_rooms_5, nicolae_vaults_closet_pinwheel_5,
          nicolae_vaults_surprise_closet_hard,
          nicolae_vaults_stairing_the_circle, vaults_room_grid,
          nicolae_vaults_storage_room_doors,
          hangedman_vaults_stretched_pinwheel, vaults_dpeg_encased_lava,
          nicolae_vaults_rhombus_5, vaults_dpeg_ring, layout_vaults_omnibox,
          serial_shops, shop_scrolls
Vaults:3: nicolae_vaults_back_hallway, nicolae_vaults_tetromino_T_2, v_misc_28,
          nicolae_vaults_tetromino_Z_1, minmay_crypt_entry_necro_gods,
          nicolae_vaults_little_squares_5, nicolae_vaults_closet_pinwheel_1,
          v_misc_2, layout_vaults_quadrants, nicolae_trove_entry_path_of_doom,
          uniq_mara
Vaults:4: v_misc_11, nicolae_vaults_cornered_office,
          ontoclasm_vaults_ring_large, vaults_room_door_ring,
          grunt_vaults_twisty, nicolae_vaults_wrenched, vaults_room_hallway,
          nicolae_vaults_apartment_1, hangedman_vaults_pinch,
          ontoclasm_vaults_loading_screen, vaults_room_grid,
          ontoclasm_vaults_chip, layout_vaults_big_cross, serial_shops,
          nicolae_shop_tiny_waterfront, nicolae_shop_back_alley_shop,
          nicolae_lakefront_shop, shop, shop
Vaults:5
Crypt:1:  layout_misc_corridors, gammafunk_ghost_split, evilmike_ambush
          [evilmike_ambush_outer_pillars, evilmike_ambush_inner_pond],
          grunt_crypt_arrival_webbed, lemuel_upstairs_altar
Crypt:2:  layout_rooms
Crypt:3:  church_of_pain_bobbens, layout_chaotic_city, tomb_entry_shell_bobbens
Depths:1: layout_roguey, abyss_entry, hex_intersection,
          grunt_hell_entry_demonic_statue, nicolae_shop_i_like_small_books_too,
          nicolae_transporter_intersection
Depths:2: box_level_dp, pan_entry, hell_entry
Depths:3: lemuel_traditional_vault, layout_gridlike, pf_coc_iceberg,
          infiniplex_enter_wizlab_glasses, small_statue_intersection,
          abyss_entry, beargit_hepliaklqana_dungeon_heroes, uniq_sojobo
Depths:4: grunt_zot_entry_tricorne, layout_long_grid, minmay_fountain_box,
          serial_shops, bzr_entry_gold, pf_dread_powers_of_hell, uniq_frederick,
          uniq_enchantress
Zot:1:    layout_cellular_growth, grunt_megastairs_1, uniq_parghit
Zot:2:    layout_basic, grunt_ministairs_15, skrybe_zot_glass_2
Zot:3:    layout_misc_corridors, amethyst_zot_foddershock, grunt_megastairs_2,
          lemuel_elevator
Zot:4:    lemuel_acid_trip, layout_onion
Zot:5:    layout_concentric_octagons

Skill      XL: |  1  2  3  4  5  6  7  8  9 10 11 12 13 14 15 16 17 18 19 20 21 22 23 24 25 26 |
---------------+-------------------------------------------------------------------------------+-----
Spellcasting   | 3 4 5 6 9 10 12 15 18 20 22 25 | 25.0
Necromancy     | 6 7 9 11 13 18 20 23 | 23.0
Fighting       | 3 5 8 10 12 15 | 15.0
Evocations     | 6 9 |  9.0
Dodging        | 6 9 |  9.0
Earth Magic    | 1 5 9 |  9.0
Conjurations   | 5 8 12 14 20 | 20.0
Armour         | 5 9 12 16 | 16.0
Summonings     | 9 |  9.0
Fire Magic     | 6 10 15 | 15.4
Stealth        | |  1.7

Action                     |  1- 3 |  4- 6 |  7- 9 | 10-12 | 13-15 | 16-18 | 19-21 | 22-24 | 25-27 || total
---------------------------+-------+-------+-------+-------+-------+-------+-------+-------+-------++-------
  Melee: Unarmed           |    25 |       |       |       |       |       |       |     6 |       ||    31
         Punch             |     1 |       |       |     3 |     5 |     5 |       |     1 |       ||    15
         Dagger            |     7 |     1 |       |       |       |       |       |       |       ||     8
         Spear             |       |     8 |       |       |       |       |       |       |       ||     8
         Short sword       |       |    26 |    50 |   249 |   169 |       |       |       |       ||   494
         Kick              |       |       |     9 |       |       |    41 |    19 |    79 |    13 ||   161
         Demon trident     |       |       |       |       |    17 |   102 |    94 |    50 |       ||   263
         Glaive            |       |       |       |       |       |       |       |   127 |     3 ||   130
         Falchion          |       |       |       |       |       |       |       |       |    29 ||    29
  Throw: Throwing net      |       |       |     3 |       |       |       |       |       |     1 ||     4
         Dart              |       |       |       |     1 |       |       |       |       |       ||     1
   Cast: Necrotise         |    48 |    39 |   131 |   134 |       |       |       |       |       ||   352
         Vampiric Draining |       |     8 |    27 |   140 |    40 |    28 |    12 |    11 |     2 ||   268
         Agony             |       |       |     2 |     6 |     3 |     9 |     1 |     2 |     2 ||    25
         Animate Dead      |       |       |     1 |     7 |    12 |     8 |       |       |       ||    28
         Borgnjor's Vile C |       |       |       |    24 |   100 |   131 |   129 |   150 |    78 ||   612
         Stone Arrow       |       |       |       |    22 |   401 |   240 |   454 |    46 |       ||  1163
         Dispel Undead     |       |       |       |     6 |    27 |     7 |    11 |   231 |     3 ||   285
         Death Channel     |       |       |       |     2 |    16 |    28 |    28 |    22 |    17 ||   113
         Blink             |       |       |       |       |     1 |     1 |     1 |     2 |     1 ||     6
         Haunt             |       |       |       |       |       |    10 |    18 |    26 |    29 ||    83
         Infestation       |       |       |       |       |       |    35 |    67 |    43 |    42 ||   187
         Iron Shot         |       |       |       |       |       |       |       |   135 |    40 ||   175
         Death's Door      |       |       |       |       |       |       |       |     1 |       ||     1
         Ignition          |       |       |       |       |       |       |       |     6 |    23 ||    29
 Invoke: Unearth Wretches  |       |       |     1 |     2 |     9 |     8 |    17 |    12 |    13 ||    62
         Receive Forbidden |       |       |       |       |     1 |       |       |       |       ||     1
Ability: Word of Chaos     |       |       |       |       |       |       |       |       |     1 ||     1
  Evoke: Wand              |       |       |     9 |    14 |     4 |     2 |     1 |     4 |    10 ||    44
    Use: Scroll            |       |     7 |     6 |     5 |    12 |     3 |     2 |    16 |    20 ||    71
         Potion            |       |       |       |     1 |     3 |     1 |     2 |    10 |    18 ||    35
   Stab: Sleeping          |     3 |       |       |     2 |       |     1 |     1 |       |       ||     7
         Invisible         |       |       |     2 |     1 |       |       |       |       |       ||     3
         Distracted        |       |       |       |     2 |     3 |     2 |     1 |     1 |     1 ||    10
         Paralysed         |       |       |       |       |     2 |     1 |     6 |     4 |     2 ||    15
 Armour: Robe              |     3 |     9 |    16 |    12 |       |       |       |       |       ||    40
         Steam dragon scal |       |       |       |   150 |     7 |       |       |       |       ||   157
         Animal skin       |       |       |       |       |   152 |    84 |   121 |   118 |     4 ||   479
         Ring mail         |       |       |       |       |       |    10 |       |    69 |   112 ||   191
         Scale mail        |       |       |       |       |       |       |    65 |    26 |       ||    91
  Dodge: Dodged            |    27 |    30 |   115 |   601 |   507 |   261 |   266 |   316 |   110 ||  2233
